 Dungeon Crawl Stone Soup version 0.19.1 (webtiles) character file.

90 Chiseanne the Skirmisher (level 4, 0/34 HPs)
             Began as a Mummy Warper on Dec 5, 2016.
             Slain by an orc wizard
             ... wielding a +0 dagger
              (2 damage)
             ... on level 3 of the Dungeon.
             The game lasted 00:02:59 (1561 turns).

Chiseanne the Skirmisher (Mummy Warper)             Turns: 1561, Time: 00:03:00

Health: 0/34       AC:  3    Str: 14    XL:     4   Next: 32%
Magic:  8/8        EV: 12    Int: 12    God:
Gold:   86         SH:  0    Dex: 12    Spells: 0 memorised, 8 levels left

rFire  x . .     SeeInvis .     a - +0 falchion
rCold  + . .     Gourm    .     b - +0 leather armour
rNeg   + + +     Faith    .     (no shield)
rPois  ∞         Spirit   .     (no helmet)
rElec  .         Reflect  .     (no cloak)
rCorr  .         Harm     .     (no gloves)
MR     .....                    (no boots)
Stlth  +.........               (no amulet)
                                (no ring)
                                (no ring)

@: no status effects
A: no food or potions, fire vulnerability, cold resistance 1, negative energy
resistance 3, torment resistance, unbreathing
a: no special abilities


You were on level 3 of the Dungeon.
You were not hungry.

You visited 1 branch of the dungeon, and saw 3 of its levels.

You collected 86 gold pieces.

Inventory:

Hand Weapons
 a - a +0 falchion (weapon)
Missiles
 e - 5 tomahawks of dispersal (quivered)
 g - 68 stones
 h - 46 arrows
 l - 46 bolts
Armour
 b - a +0 leather armour (worn)
Jewellery
 m - an uncursed ring of resist corrosion {unknown}
Scrolls
 d - a scroll of blinking
 f - a scroll of enchant armour {unknown}
 i - a scroll of teleportation
Books
 c - a book of Spatial Translocations

   Spells                             Type                      Level
   a - Blink                          Translocation                2
   b - Shroud of Golubria             Charms/Translocation         2
   c - Lesser Beckoning               Translocation                3
   d - Portal Projectile              Translocation                3
   e - Teleport Other                 Translocation                3
   f - Passage of Golubria            Translocation                4


   Skills:
 * Level 2.9 Fighting
 - Level 1.5 Long Blades
 - Level 0.7 Throwing
 - Level 0.7 Armour
 * Level 2.7 Dodging
 * Level 2.7 Spellcasting
   Level 2.4 Translocations


You had 8 spell levels left.
You didn't know any spells.

Dungeon Overview and Level Annotations

Branches:
Dungeon (3/15)

Altars:
Ru
Xom


Innate Abilities, Weirdness & Mutations

You do not eat or drink.
Your flesh is vulnerable to fire.
You are immune to poison.
Your flesh is cold resistant. (rC+)
You are immune to negative energy. (rN+++)
You are immune to unholy pain and torment.
You can survive without breathing.


Message History

The orc wizard is heavily wounded.
The orc wizard hits you with a dagger.
* * * LOW HITPOINT WARNING * * *
You hit the orc wizard.
The orc wizard is heavily wounded.
The orc wizard hits you with a dagger.
* * * LOW HITPOINT WARNING * * *
The orc wizard hits you but does no damage.
You barely miss the orc wizard.
The orc wizard is heavily wounded.
The orc wizard hits you but does no damage.
The orc wizard hits you with a dagger.
* * * LOW HITPOINT WARNING * * *
The orc wizard hits you with a dagger.
* * * LOW HITPOINT WARNING * * *
You hit the orc wizard but do no damage.
The orc wizard is heavily wounded.
You feel yourself speed up. The orc wizard hits you with a dagger.
You die...

##+## ....# ....#
#+####....#
#.@ob.....# #
#####.##.##.#
#####.# o.##
#...#§# o....
###.#.#.##......
####...#.._....S...
#......#.#.#.......
#.##...#.#.##......
#.####...#.# .#####


You could see an orc wizard and a bat.

Vanquished Creatures
  Jessica (D:2)
  2 adders
  A dart slug (D:2)
  2 leopard geckos
  An orc (D:3)
  3 giant cockroaches (D:1)
  7 goblins
  4 hobgoblins (D:1)
  7 kobolds
  3 bats
  4 frilled lizards
  6 rats
41 creatures vanquished.

Notes
Turn   | Place    | Note
-------+----------+-------------------------------------------
     0 | D:1      | Chiseanne the Mummy Warper began the quest for the Orb.
     0 | D:1      | Reached XP level 1. HP: 16/16 MP: 3/3
   293 | D:1      | Reached XP level 2. HP: 20/22 MP: 5/5
   961 | D:2      | Reached XP level 3. HP: 28/28 MP: 6/6
  1057 | D:2      | Noticed Jessica
  1084 | D:2      | Killed Jessica
  1084 | D:2      | Reached XP level 4. HP: 19/34 MP: 6/8
  1410 | D:2      | Found a shimmering altar of Xom.
  1522 | D:3      | Found a sacrificial altar of Ru.
  1561 | D:3      | Slain by an orc wizard

Skill      XL: |  1  2 |
---------------+-------+-----
Dodging        | 2 |  2.7
Fighting       | |  2.9
Long Blades    | |  1.5
Throwing       | |  0.7
Armour         | |  0.7
Spellcasting   | |  2.7
Translocations | |  2.4

Action                   |  1- 3 |  4- 6 || total
-------------------------+-------+-------++-------
Melee: Falchion          |   112 |    37 ||   149
  Use: Scroll            |       |     5 ||     5
Armor: Leather armour    |    41 |    10 ||    51
Dodge: Dodged            |   101 |    24 ||   125
       Rpst.: Falchion   |    30 |     7 ||    37
